 Dungeon Crawl Stone Soup version 0.18.1-48-g4cf74bf (webtiles) character file.

3850 Joat the Martial Artist (level 10, 0/73 HPs)
             Began as an Octopode Monk on Aug 10, 2016.
             Was a Believer of Sif Muna.
             Killed from afar by Erolcha (17 damage)
             ... with an orb of energy
             ... on level 8 of the Dungeon.
             The game lasted 00:42:34 (8694 turns).

Joat the Martial Artist (Octopode Monk)             Turns: 8694, Time: 00:42:35

Health: 0/73       AC:  1    Str: 14    XL:     10   Next: 18%
Magic:  14/14      EV: 27    Int: 12    God:    Sif Muna [**....]
Gold:   423        SH:  0    Dex: 28    Spells: 0 memorised, 14 levels left

rFire  . . .     SeeInvis +       - Unarmed
rCold  . . .     Gourm    .     (no shield)
rNeg   + . .     Faith    .     (helmet restricted)
rPois  +         Spirit   .     f - amulet of magic regeneration
rElec  .         Dismiss  .     (no ring)
rCorr  .         Reflect  .     c - ring of poison resistance
SustAt .         Harm     .     i - ring of see invisible
MR     .....                    l - +5 ring of dexterity
Stlth  +++++.....               t - ring of positive energy
                                (no ring)
                                (no ring)
                                (no ring)

@: mighty, agile, hasted, very quick, not resistant to hostile enchantments,
quite stealthy
A: almost no armour, amphibious, 8 rings, constrict 8, tentacle spike 1,
camouflage 1, poison resistance, weak 1, gelatinous body 1
a: Channel Energy, Renounce Religion


You were on level 8 of the Dungeon.
You worshipped Sif Muna.
Sif Muna was pleased with you.
You were not hungry.

You visited 2 branches of the dungeon, and saw 9 of its levels.

You collected 423 gold pieces.

Inventory:

Hand Weapons
 s - a +0 flail of protection
Missiles
 k - 2 javelins (quivered)
 y - 4 steel tomahawks
 z - 6 tomahawks of dispersal
Jewellery
 c - a ring of poison resistance (right tentacle)
 f - an amulet of magic regeneration (around mantle)
 i - a ring of see invisible (on tentacle)
 l - a +5 ring of dexterity (on tentacle)
 t - a ring of positive energy (on tentacle)
Scrolls
 q - 2 scrolls of magic mapping
 u - a scroll of summoning {unknown}
 x - a scroll of remove curse
 A - a scroll of fear {unknown}
Potions
 b - a potion of cure mutation
 g - 4 potions of brilliance
 j - a potion of might
 n - 2 potions of curing
 o - a potion of flight
 p - 2 potions of mutation
 r - a potion of haste
Comestibles
 a - 5 bread rations
 d - 4 meat rations
 h - 10 fruits
 v - 10 chunks of flesh


   Skills:
 + Level 8.6 Fighting
 + Level 8.5 Dodging
 - Level 2.6 Stealth
 + Level 9.2 Unarmed Combat
 + Level 2.9 Spellcasting


You had 14 spell levels left.
You didn't know any spells.

Dungeon Overview and Level Annotations

Branches:
Dungeon (8/15)             Temple (1/1) D:7
   Lair: D:8-11

Altars:
Ashenzari
Cheibriados
Dithmenos
Elyvilon
Fedhas
Gozag
Kikubaaqudgha
Makhleb
Nemelex Xobeh
Okawaru
Pakellas
Qazlal
Ru
Sif Muna
Trog
Vehumet
Xom
Yredelemnul
Zin
The Shining One

Annotations:
D:8 Erolcha


Innate Abilities, Weirdness & Mutations

You cannot wear most types of armour.
You are amphibious.
You can wear up to eight rings at the same time.
You can use your tentacles to constrict eight enemies at once.
Your skin changes colour to match your surroundings (Stealth).
Your rubbery body absorbs attacks (AC +1).
One of your tentacles bears a spike.
Your system is resistant to poisons.
You are weak. (Str -2)


Message History

Drink which item? (? for menu, Esc to quit)
You feel very mighty all of a sudden.
The giant frog moves out of view.
Erolcha points at you and mumbles some strange words.
You resist with some effort.
Drink which item? (? for menu, Esc to quit)
You feel agile all of a sudden. Erolcha hits you with a giant club!!
* * * LOW HITPOINT WARNING * * *
The howler monkey hoots and howls with incredible vigour!
Drink which item? (? for menu, Esc to quit)
You feel better.
You feel less invigorated.
The howler monkey hoots and howls with incredible vigour! x2
Erolcha zaps a wand.
The bolt of acid misses you.
The howler monkey hoots and howls with incredible vigour!
Drink which item? (? for menu, Esc to quit)
You feel yourself speed up. Erolcha casts a spell at you.
The orb of energy hits you!
You die...

#.# #.# #.#.# #.# #.#
#.#.# # #.# #.# #.#.#
#..####.####.#######.#.##
#.hO...Fh..............?.
......)hh####.######.####
##.#####h# #.# ####.# #O#
#.# #....# #@# #.# #.####
#.# #.# #.# #.# #.# #.#
... #.# #.# #(# #.# #.#
?.# #.# #.# #.# ... #.#
#.#######


You could see Erolcha (invisible), a giant frog and 4 howler monkeys.

Vanquished Creatures
  The ghost of WarriorsX the Thaumaturge, a novice HEWz (D:6)
  Prince Ribbit (D:7)
  The ghost of Joat the Shield-Bearer, an amateur OpEE (D:4)
  2 hippogriffs
  A hungry ghost (D:7)
  Menkaure (D:7)
  2 ice beasts (D:7)
  An orc warrior (D:7)
  2 sky beasts
  2 ogres
  2 phantoms
  4 centaurs
  Blork the orc (D:5)
  3 giant frogs
  A scorpion (D:4)
  4 wights (D:6)
  2 howler monkeys
  2 crimson imps
  2 jellies
  A centaur zombie (D:6)
  An orc priest (D:6)
  Crazy Yiuf (D:3)
  5 hounds
  3 iguanas
  4 orc wizards
  Ijyb (D:3)
  4 worker ants
  A hound skeleton (D:5)
  Robin (D:3)
  2 worker ant zombies
  4 gnolls (D:3)
  9 adders
  A shadow imp (D:5)
  An ooze (D:3)
  A worm (D:2)
  4 dart slugs
  6 giant geckos
  21 orcs
  A ball python (D:6)
  7 giant cockroaches
  15 goblins
  11 hobgoblins
  9 jackals
  A ball python zombie (D:6)
  7 bats
  A giant gecko zombie (D:5)
  5 giant newts
  7 kobolds
  4 rats
  3 fungi (D:3)
177 creatures vanquished.

Notes
Turn   | Place    | Note
--------------------------------------------------------------
     0 | D:1      | Joat the Octopode Monk began the quest for the Orb.
     0 | D:1      | Reached XP level 1. HP: 16/16 MP: 1/1
   116 | D:1      | Reached XP level 2. HP: 12/21 MP: 2/2
   862 | D:1      | Reached XP level 3. HP: 19/26 MP: 3/3
  1484 | D:2      | Reached XP level 4. HP: 31/33 MP: 4/4
  1968 | D:3      | Noticed Robin
  1969 | D:3      | Reached skill level 5 in Unarmed Combat
  1988 | D:3      | Reached XP level 5. HP: 35/37 MP: 5/5
  2081 | D:3      | Killed Robin
  2706 | D:3      | Noticed Ijyb
  2721 | D:3      | Killed Ijyb
  2721 | D:3      | Reached XP level 6. HP: 44/44 MP: 6/6
  2910 | D:3      | Noticed Crazy Yiuf
  2917 | D:3      | Killed Crazy Yiuf
  3193 | D:4      | Noticed a phantom
  3230 | D:4      | Killed a phantom
  3452 | D:4      | Reached skill level 5 in Fighting
  3452 | D:4      | Reached XP level 7. HP: 50/50 MP: 7/7
  3619 | D:4      | Noticed Joat's ghost (amateur OpEE)
  3630 | D:4      | Killed Joat's ghost
  3630 | D:4      | Reached skill level 5 in Dodging
  3630 | D:4      | Reached skill level 6 in Unarmed Combat
  4433 | D:5      | Entered Level 5 of the Dungeon
  4936 | D:5      | Noticed Blork the orc
  4941 | D:5      | Killed Blork the orc
  4941 | D:5      | Reached XP level 8. HP: 57/57 MP: 8/8
  5240 | D:6      | Noticed WarriorsX's ghost (novice HEWz)
  5602 | D:6      | Reached skill level 7 in Unarmed Combat
  5946 | D:6      | HP: 2/60 [acid (8)]
  6232 | D:6      | Killed WarriorsX's ghost
  6232 | D:6      | Reached XP level 9. HP: 30/64 MP: 9/9
  6239 | D:6      | Reached skill level 8 in Unarmed Combat
  6959 | D:7      | Found a staircase to the Ecumenical Temple.
  6965 | Temple   | Entered the Ecumenical Temple
  7027 | Temple   | Became a worshipper of Sif Muna the Loreminder
  7027 | Temple   | Reached * piety under Sif Muna
  7027 | Temple   | Reached ** piety under Sif Muna
  7255 | D:7      | Noticed Prince Ribbit
  7265 | D:7      | Killed Prince Ribbit
  7508 | D:7      | Reached skill level 1 in Spellcasting
  7671 | D:7      | Noticed Menkaure
  7682 | D:7      | Killed Menkaure
  7786 | D:7      | Found an oddly glowing altar of Pakellas.
  7911 | D:7      | Found an iron altar of Okawaru.
  8156 | D:7      | Reached XP level 10. HP: 36/73 MP: 13/13
  8438 | D:8      | Gained mutation: Your system is resistant to poisons. [potion of mutation]
  8438 | D:8      | Gained mutation: One of your tentacles bears a spike. [potion of mutation]
  8438 | D:8      | Gained mutation: You are weak. (Str -2) [potion of mutation]
  8456 | D:8      | Reached skill level 9 in Unarmed Combat
  8673 | D:8      | Noticed Erolcha
  8694 | D:8      | Killed from afar by Erolcha

Skill      XL: |  1  2  3  4  5  6  7  8  9 10 |
---------------+-------------------------------+-----
Fighting       | 4 5 7 8 |  8.6
Unarmed Combat | 5 6 7 8 9 |  9.2
Dodging        | 4 5 7 8 |  8.5
Spellcasting   | 2 |  2.9
Stealth        | |  2.6

Action                   |  1- 3 |  4- 6 |  7- 9 | 10-12 || total
-------------------------+-------+-------+-------+-------++-------
Melee: Unarmed           |    61 |   177 |   275 |    30 ||   543
       Constrict         |    18 |    48 |    34 |     2 ||   102
       Tentacles         |    12 |    52 |    70 |    11 ||   145
       Punch             |     2 |    11 |    19 |     2 ||    34
       Kick              |       |       |       |    14 ||    14
Throw: Throwing net      |       |       |       |     2 ||     2
  Use: Scroll            |     9 |     3 |     5 |     2 ||    19
       Potion            |       |       |     4 |     6 ||    10
 Stab: Distracted        |     1 |       |     5 |       ||     6
       Sleeping          |     2 |     7 |     5 |     3 ||    17
  Eat: Chunk             |     2 |     6 |    10 |     1 ||    19
       Beef jerky        |       |       |     2 |       ||     2
       Royal jelly       |       |       |     1 |       ||     1
       Pizza             |       |       |     1 |       ||     1
Armor: Skin              |     3 |     4 |    44 |       ||    51
Dodge: Dodged            |    36 |    97 |   200 |    25 ||   358
